 Dungeon Crawl Stone Soup version 0.19.3-1-g3169bf9 (webtiles) character file.

6114 dngmouse the Cruncher (level 11, -3/87 HPs)
             Began as a Formicid Fighter on Jan 25, 2017.
             Was a Priest of Okawaru.
             Killed by drain life
             ... invoked by a soul eater
             ... summoned by an obsidian statue
              (9 damage)
             ... on level 9 of the Dungeon.
             The game lasted 00:36:55 (9428 turns).

dngmouse the Cruncher (Formicid Fighter)            Turns: 9428, Time: 00:36:56

Health: -3/87      AC: 16    Str: 22 (24) XL:     11   Next: 12%
Magic:  12/12      EV:  6    Int:  7 (8)  God:    Okawaru [***...]
Gold:   189        SH:  7    Dex: 11 (13) Spells: 2 memorised, 6 levels left

rFire  . . .     SeeInvis +     D - +3 quarterstaff
rCold  . . .     Gourm    .     R - +0 plate armour
rNeg   . . .     Faith    .     b - +0 buckler
rPois  .         Spirit   .     (helmet unavailable)
rElec  .         Reflect  +     t - +1 cloak
rCorr  .         Harm     .     (no gloves)
MR     +....                    (no boots)
Stlth  ..........               v - +3 amulet of reflection
                                O - +3 ring of strength
                                K - ring of flight

@: no status effects
A: permanent stasis, dig shafts and tunnels, four strong arms, antennae 3,
molten scales 1, rugged brown scales 1, deterioration 1, wild magic 1
a: Dig, Shaft Self, Heroism, Renounce Religion, Evoke Flight


You were on level 9 of the Dungeon.
You worshipped Okawaru.
Okawaru was most pleased with you.
You were not hungry.

You visited 2 branches of the dungeon, and saw 10 of its levels.

You collected 579 gold pieces.
You spent 390 gold pieces at shops.

Inventory:

Hand Weapons
 a - a +0 quarterstaff
 D - a +3 quarterstaff (weapon)
Armour
 b - a +0 buckler (worn)
 c - a +0 shield
 t - a +1 cloak (worn)
 C - a +1 ring mail of magic resistance
 R - a +0 plate armour (worn)
Jewellery
 v - a +3 amulet of reflection (around neck)
 x - an uncursed amulet of magic regeneration
 B - an uncursed amulet of regeneration
 K - a ring of flight (left hand)
 O - a +3 ring of strength (right hand)
Wands
 G - a wand of iceblast (6/15)
 P - a wand of flame (26/48)
Scrolls
 e - 4 scrolls of identify
 g - 5 scrolls of remove curse {unknown}
 i - 3 scrolls of enchant weapon {unknown}
 j - a scroll of recharging {unknown}
 l - a scroll of blinking {unknown}
 m - 2 scrolls of fear {unknown}
 p - 2 scrolls of fog {unknown}
 r - 3 scrolls of random uselessness {unknown}
 s - 4 scrolls of teleportation {unknown}
 u - 3 scrolls of magic mapping {unknown}
 y - a scroll of silence {unknown}
 H - a scroll of brand weapon {unknown}
 J - a scroll of noise {unknown}
 M - a scroll of enchant armour {unknown}
Potions
 h - 2 potions of cure mutation
 z - a potion of magic
 A - 3 potions of curing
 E - a potion of flight
 F - a potion of invisibility
 Q - 3 potions of degeneration
Comestibles
 f - 5 bread rations
 n - 2 beef jerkies
 o - 37 fruits
 q - 3 meat rations
 I - 8 chunks of flesh
 L - a royal jelly


   Skills:
 * Level 7.7 Fighting
 - Level 14.0 Staves
 + Level 3.8 Armour
 - Level 3.6 Shields
 * Level 2.3 Invocations


You had 6 spell levels left.
You knew the following spells:

 Your Spells              Type           Power        Failure   Level  Hunger
a - Slow                  Hex            #.......     100%        2    ###....
b - Repel Missiles        Chrm/Air       #.....       100%        2    ###....


Dungeon Overview and Level Annotations

Branches:
Dungeon (9/15)             Temple (1/1) D:6             Orc (0/2) D:9
   Lair: D:8-11

Altars:
Cheibriados
Hepliaklqana
Kikubaaqudgha
Makhleb
Nemelex Xobeh
Okawaru
Qazlal
Vehumet
Xom
Zin
The Shining One

Shops:
D:7 %[**   D:9 (

Annotations:
D:9 exclusion: obsidian statue


Innate Abilities, Weirdness & Mutations

You are under a permanent stasis effect.
You can dig through walls and to a lower floor.
Your four strong arms can wield two-handed weapons with a shield.
You have a pair of large antennae on your head. (SInv)
You are partially covered in molten scales. (AC +2)
You are partially covered in rugged brown scales. (AC +1, +3% HP)
Your body sometimes deteriorates upon taking damage.
Your spells are a little harder to cast, but a little more powerful.


Message History

The soul eater hits you but does no damage.
Your magical effects are unravelling.
You feel magically purged.
Your magical contamination has completely faded away.
You are covered in liquid flames!
* * * LOW HITPOINT WARNING * * *
You feel less woody.
Your +1 cloak unmelds from your body.
Your +0 plate armour unmelds from your body.
You flicker back into view.
You break out of your daze.
You feel a little less mighty now. The ufetubus closely misses you.
The ufetubus hits you but does no damage.
The orange demon barely misses you.
The soul eater hits you but does no damage.
You block the ufetubus's attack. The ufetubus hits you.
* * * LOW HITPOINT WARNING * * *
The soul eater draws from the surrounding life force!
You die...

#.##...##.## #...... #.
#...#...# #.....∩
#...#...# ##.....
#...#...#####....>
#......#).........
#....###.####.....
#....###)####.....
#....##....###....
#@.........# #...)
#5.........# #....
#4.........#####.#
......3.5........##....#
......5..........##.....
.................##...#.
#................##...#.
................[##...##
......8..........##... #


You could see a soul eater, an orange demon, a quasit, a crimson imp and an
ufetubus.

Vanquished Creatures
  Pikel (D:7)
  Grinder (D:6)
  A hippogriff (D:8)
  A wraith (D:7)
  The ghost of dngmouse the Skirmisher, an amateur DrEn of Okawaru (D:4)
  Eustachio (D:6)
  Menkaure (D:6)
  Edmund (D:6)
  Duvessa (D:7)
  A sky beast (D:7)
  The ghost of Paps the Shield-Bearer, an amateur TrFi (D:3)
  An ice beast (D:9)
  2 black bears
  2 orc warriors
  2 phantoms
  6 ogres
  5 necrophages
  2 centaurs
  A big kobold (D:8)
  4 bullfrogs
  Dowan (D:7)
  2 wyvern skeletons
  5 scorpions
  A troll zombie (D:7)
  12 wights
  2 howler monkeys
  A bullfrog zombie (D:8)
  2 crimson imps (D:6)
  2 hounds
  A quasit (D:5)
  2 centaur zombies (D:8)
  2 jellies (D:5)
  A centaur skeleton (D:9)
  4 human zombies (D:7)
  4 orc priests
  7 orc wizards
  2 iguanas
  6 worker ants
  An ogre zombie (D:7)
  2 hound skeletons
  A mummy (D:7)
  A howler monkey skeleton (D:8)
  9 adders
  6 gnolls
  2 adder zombies
  3 worms
  2 dart slugs
  5 leopard geckos
  37 orcs
  A ball python (D:2)
  4 giant cockroaches
  8 goblins
  9 hobgoblins
  14 jackals
  2 quokkas
  12 bats
  2 frilled lizards (D:2)
  8 kobolds
  An orc zombie (D:7)
  A quokka zombie (D:7)
  6 rats
230 creatures vanquished.

Vanquished Creatures (others)
  5 dream sheep (D:8)
  A slave (D:7)
6 creatures vanquished.

Grand Total: 236 creatures vanquished

Notes
Turn   | Place    | Note
-------+----------+-------------------------------------------
     0 | D:1      | dngmouse the Formicid Fighter began the quest for the Orb.
     0 | D:1      | Reached XP level 1. HP: 18/18 MP: 1/1
    36 | D:1      | Reached XP level 2. HP: 22/24 MP: 2/2
   559 | D:1      | Reached skill level 3 in Staves
   794 | D:2      | Reached XP level 3. HP: 29/29 MP: 3/3
   880 | D:2      | Reached XP level 4. HP: 17/35 MP: 4/4
   886 | D:2      | Reached skill level 4 in Staves
  1425 | D:2      | Noticed a bullfrog
  1572 | D:2      | Killed a bullfrog
  1572 | D:2      | Reached skill level 5 in Staves
  1572 | D:2      | Reached XP level 5. HP: 27/41 MP: 5/5
  1786 | D:3      | Noticed Paps's ghost (amateur TrFi)
  1812 | D:3      | Reached XP level 6. HP: 47/47 MP: 6/6
  1818 | D:3      | Killed Paps's ghost
  1818 | D:3      | Reached skill level 6 in Staves
  2254 | D:3      | Found a sparkling altar of Nemelex Xobeh.
  2265 | D:3      | Noticed a black bear
  2278 | D:3      | Killed a black bear
  2278 | D:3      | Reached skill level 7 in Staves
  2278 | D:3      | Reached XP level 7. HP: 51/52 MP: 7/7
  2451 | D:3      | Found a glowing silver altar of Zin.
  2582 | D:4      | Noticed dngmouse's ghost (amateur DrEn)
  2596 | D:4      | Killed dngmouse's ghost
  2596 | D:4      | Reached skill level 8 in Staves
  2899 | D:4      | Reached XP level 8. HP: 31/58 MP: 8/8
  3283 | D:4      | Reached skill level 9 in Staves
  3990 | D:5      | Entered Level 5 of the Dungeon
  4067 | D:5      | Reached skill level 10 in Staves
  4416 | D:5      | Found a burning altar of Makhleb.
  4416 | D:5      | Found a hazy altar of Hepliaklqana.
  4486 | D:5      | Reached XP level 9. HP: 58/64 MP: 9/9
  5154 | D:6      | Noticed Menkaure
  5327 | D:5      | Reached skill level 11 in Staves
  5382 | D:6      | Killed Menkaure
  5753 | D:6      | Noticed Eustachio
  5820 | D:6      | Killed Eustachio
  5820 | D:6      | Reached skill level 12 in Staves
  6073 | D:6      | Found a glowing golden altar of the Shining One.
  6073 | D:6      | Found a snail-covered altar of Cheibriados.
  6099 | D:6      | Noticed Grinder
  6115 | D:6      | Killed Grinder
  6456 | D:6      | Noticed Edmund
  6484 | D:6      | Killed Edmund
  6688 | D:6      | Found a staircase to the Ecumenical Temple.
  6692 | Temple   | Entered the Ecumenical Temple
  6728 | Temple   | Became a worshipper of Warmaster Okawaru
  6832 | D:6      | Reached XP level 10. HP: 70/70 MP: 10/10
  6957 | D:7      | Reached skill level 13 in Staves
  7001 | D:7      | Found Gownoehasa's Antique Armour Shoppe.
  7104 | D:7      | Found Exeogew's Food Shop.
  7136 | D:7      | Found Oschet's Assorted Antiques.
  7142 | D:7      | Noticed Pikel
  7170 | D:7      | Killed Pikel
  7170 | D:7      | Reached * piety under Okawaru
  7192 | D:7      | Bought a scroll labeled ZUROUF CASCHE for 30 gold pieces
  7192 | D:7      | Bought a runed quarterstaff for 300 gold pieces
  7192 | D:7      | Bought a scroll labeled FOS JESUDAC for 30 gold pieces
  7192 | D:7      | Bought a scroll labeled JYFUIG GURUGG for 30 gold pieces
  7275 | D:7      | Found Suffiunk's Assorted Antiques.
  7356 | D:7      | Reached skill level 5 in Fighting
  7363 | D:7      | Found an ancient bone altar of Kikubaaqudgha.
  7676 | D:7      | Gained mutation: Your spells are a little harder to cast, but a little more powerful. [mutagenic meat]
  7677 | D:7      | Gained mutation: You are partially covered in rugged brown scales. (AC +1, +3% HP) [mutagenic meat]
  7678 | D:7      | Gained mutation: Your body sometimes deteriorates upon taking damage. [mutagenic meat]
  7679 | D:7      | Gained mutation: You are partially covered in molten scales. (AC +2) [mutagenic meat]
  7719 | D:7      | Noticed Dowan
  7720 | D:7      | Noticed Duvessa
  7742 | D:7      | Killed Duvessa
  7742 | D:7      | Reached ** piety under Okawaru
  7745 | D:7      | Killed Dowan
  8318 | D:8      | Found a shimmering altar of Xom.
  8632 | D:8      | Learned a level 2 spell: Slow
  8635 | D:8      | Learned a level 2 spell: Repel Missiles
  8759 | D:8      | Found a stormy altar of Qazlal.
  9098 | D:8      | Reached skill level 14 in Staves
  9098 | D:8      | Reached XP level 11. HP: 78/86 MP: 11/11
  9200 | D:9      | Reached skill level 1 in Invocations
  9223 | D:9      | Found a staircase to the Orcish Mines.
  9228 | D:9      | Found Soocruqe's Weapon Shop.
  9258 | D:9      | Reached *** piety under Okawaru
  9405 | D:9      | Noticed an obsidian statue
  9408 | D:9      | Noticed a soul eater
  9428 | D:9      | Killed from afar by a soul eater

Skill      XL: |  1  2  3  4  5  6  7  8  9 10 11 |
---------------+----------------------------------+-----
Staves         | 3 5 7 8 10 12 14 | 14.0
Fighting       | 7 |  7.7
Invocations    | 2 |  2.3
Armour         | |  3.8
Shields        | |  3.6

Action                   |  1- 3 |  4- 6 |  7- 9 | 10-12 || total
-------------------------+-------+-------+-------+-------++-------
Melee: Quarterstaff      |    87 |   169 |   418 |   362 ||  1036
 Abil: Dig               |     1 |     3 |     2 |     1 ||     7
  Use: Potion            |       |     6 |     3 |     7 ||    16
       Scroll            |       |       |     2 |     2 ||     4
  Eat: Chunk             |       |     6 |    13 |    13 ||    32
       Fruit             |       |       |     1 |       ||     1
Armor: Scale mail        |    13 |       |       |       ||    13
       Chain mail        |    30 |    89 |   136 |    71 ||   326
       Plate armour      |       |       |       |    20 ||    20
       Skin              |       |       |       |    17 ||    17
Dodge: Dodged            |    16 |    38 |    94 |    55 ||   203
Block: Shield            |    52 |    54 |       |       ||   106
       Reflection        |       |     3 |       |     2 ||     5
       Buckler           |       |    20 |   100 |    87 ||   207
